Map: 黄金墙-天梯版

Players

iGMacSed (MacSed)

  • Race: Protoss Protoss
  • League: Master
  • Spawn Location: 5:00

TIME (Oliveira) - Winner!

  • Race: Terran Terran
  • League: Master
  • Spawn Location: 7:00

Event: DreamHack SC2 Masters 2020 Fall

VOD

Have the link to the VOD?

Description

Time

  • Played on: Sept. 5, 2020, 10:21 a.m.
  • Length: 6:16

All games in this series

Show
View Real Time Build Order
Export as new Build Order

iGMacSed Protoss 

Build Orders: 1 Gate Expand, Dark Templar Rush 

Get SALT Encoding   

  12  0:00  Probe  
  13  0:12  Probe  
  14  0:17  Pylon  
  14  0:24  Probe (Chrono Boost)  
  15  0:36  Probe (Chrono Boost)  
  15  0:38  Gateway  
  16  0:44  Probe (Chrono Boost)  
  16  0:46  Assimilator  
  17  0:51  Probe  
  18  1:03  Probe  
  19  1:15  Probe  
  20  1:24  Cybernetics Core  
  20  1:33  Nexus  
  20  1:40  Pylon  
  20  1:44  Probe  
  21  1:49  Assimilator  
  21  1:56  Probe  
  21  2:00  Stalker (Chrono Boost)  
  21  2:01  Warp Gate  
  22  2:08  Probe  
  25  2:20  Probe  
  26  2:23  Adept  
  28  2:32  Twilight Council, Probe (Chrono Boost)  
  29  2:44  Probe (Chrono Boost)  
  30  2:47  Probe (Chrono Boost)  
  32  2:52  Probe (Chrono Boost)  
  32  2:54  Gateway  
  32  2:55  Probe (Chrono Boost)  
  33  2:59  Probe (Chrono Boost)  
  33  3:03  Probe  
  35  3:09  Dark Shrine  
  36  3:14  Probe (Chrono Boost)  
  36  3:16  Pylon  
  36  3:18  Probe (Chrono Boost)  
  39  3:27  Probe (Chrono Boost)  
  39  3:28  Probe (Chrono Boost)  
  39  3:32  Probe (Chrono Boost)  
  39  3:36  Probe  
  40  3:44  Probe  
  40  3:47  Robotics Facility  
  40  3:48  Probe  
  42  3:52  Gateway  
  42  3:56  Probe (Chrono Boost)  
  42  3:58  Assimilator  
  42  4:01  Pylon  
  44  4:03  Assimilator  
  44  4:05  Probe (Chrono Boost)  
  44  4:08  Probe (Chrono Boost)  
  45  4:13  Probe (Chrono Boost)  
  45  4:14  Probe (Chrono Boost)  
  45  4:16  Pylon  
  47  4:22  Dark Templar, Probe (Chrono Boost)  
  47  4:23  Dark Templar  
  52  4:28  Probe (Chrono Boost)  
  53  4:35  Probe (Chrono Boost)  
  53  4:36  Warp Prism (Chrono Boost)  
  57  4:39  Probe (Chrono Boost)  
  57  4:40  Probe (Chrono Boost)  
  56  4:54  Probe  
  56  4:55  Probe  
  58  5:03  Robotics Bay  
  58  5:06  Pylon, Probe  
  59  5:08  Forge  
  59  5:13  Nexus, Observer  
  59  5:14  Pylon  
  60  5:28  Probe x2  
  60  5:32  Stalker x3  
Show
View Real Time Build Order
Export as new Build Order

TIME Terran - Winner!

Build Orders: Reaper Expand 

Get SALT Encoding   

  12  0:00  SCV  
  13  0:12  SCV  
  14  0:17  Supply Depot  
  14  0:24  SCV  
  15  0:39  SCV  
  15  0:41  Barracks  
  16  0:44  Refinery  
  16  0:51  SCV  
  17  1:03  SCV  
  18  1:15  SCV  
  19  1:28  Orbital Command, Reaper  
  20  1:41  Command Center  
  20  1:50  Supply Depot  
  20  1:55  SCV  
  20  2:01  Marine  
  22  2:07  SCV  
  23  2:11  Factory  
  23  2:19  Refinery, SCV  
  23  2:21  Marine  
  25  2:31  SCV  
  25  2:33  Barracks  
  26  2:41  Barracks Reactor  
  26  2:43  SCV  
  27  2:54  Factory Tech Lab  
  27  2:55  SCV  
  27  2:57  Orbital Command  
  28  3:08  SCV  
  29  3:13  Cyclone  
  29  3:17  Marine x2  
  34  3:21  Barracks Tech Lab, SCV  
  34  3:22  SCV  
  34  3:23  Supply Depot  
  36  3:33  SCV  
  37  3:34  SCV  
  38  3:42  Stimpack, Marine  
  38  3:45  SCV, Marine x2  
  38  3:46  SCV  
  38  3:47  Starport  
  42  3:52  Factory Reactor  
  42  3:58  SCV x2  
  42  4:00  Marine  
  42  4:01  Engineering Bay  
  45  4:03  Marine  
  45  4:04  Marine  
  47  4:10  SCV x2  
  47  4:11  Supply Depot  
  49  4:18  Marine  
  49  4:21  Marine  
  49  4:22  SCV x2, Marine  
  54  4:27  Missile Turret x2  
  54  4:32  Medivac x2  
  54  4:35  Supply Depot  
  54  4:36  SCV  
  59  4:39  Marine  
  59  4:41  Marine  
  59  4:42  Marine  
  62  4:48  Refinery, SCV  
  62  4:51  SCV  
  60  4:56  Marine  
  60  4:59  Marine  
  62  5:00  SCV, Marine  
  62  5:05  Siege Tank  
  67  5:10  Refinery  
  67  5:12  Barracks  
  67  5:13  Starport Reactor  
  67  5:15  SCV  
  67  5:18  Supply Depot  
  68  5:21  SCV  
  68  5:22  Marine  
  70  5:36  Marine  
  70  5:39  Marine  
  70  5:40  Siege Tank, Marine  
  75  5:46  SCV  
  75  5:47  SCV  
  74  5:50  Supply Depot  
  74  5:54  Marine  

Tags
 
Add a new tag
Caveats
  • Supply blocks, unpowered buildings, or Contaminate may cause inaccurate times.
  • Supply counts are checked every 10 seconds.